Map: 이페머론 - 래더

Players

Scarlett

  • Race: Zerg Zerg
  • Spawn Location: 5:00

Bunny - Winner!

  • Race: Terran Terran
  • League: Diamond
  • Spawn Location: 11:00

VOD

Have the link to the VOD?

Description

Time

  • Played on: Jan. 14, 2020, 1:41 p.m.
  • Length: 11:11
Show
View Real Time Build Order
Export as new Build Order

Scarlett Zerg 

Build Orders: Hatch First, Muta Ling Bane 

Get SALT Encoding   

  12  0:00  Drone  
  13  0:12  Overlord  
  13  0:17  Drone  
  14  0:30  Drone x2  
  16  0:47  Hatchery  
  15  0:51  Drone  
  15  0:55  Drone  
  17  0:58  Drone  
  18  1:09  Extractor  
  17  1:12  Spawning Pool  
  17  1:16  Drone  
  17  1:20  Drone  
  18  1:28  Drone  
  19  1:39  Drone  
  20  1:49  Overlord  
  20  1:59  Queen x2  
  20  2:00  Zergling x4  
  26  2:09  Metabolic Boost  
  26  2:11  Drone x2  
  28  2:26  Drone  
  28  2:27  Drone  
  29  2:34  Drone x2  
  31  2:37  Queen  
  31  2:43  Overlord  
  33  2:46  Drone  
  34  2:55  Drone x2  
  35  3:04  Drone x2  
  37  3:07  Hatchery, Drone  
  37  3:09  Drone  
  37  3:12  Zergling x2  
  39  3:14  Drone  
  39  3:15  Drone  
  41  3:20  Overlord  
  41  3:21  Drone  
  41  3:24  Drone  
  43  3:36  Overlord  
  43  3:37  Queen  
  43  3:38  Queen  
  47  3:45  Zergling x8  
  51  3:53  Extractor  
  51  3:55  Extractor, Drone x5  
  54  4:07  Drone x2  
  56  4:11  Overlord  
  56  4:12  Drone x2  
  58  4:25  Drone x3  
  58  4:27  Queen  
  58  4:28  Drone x2, Overlord  
  58  4:29  Lair  
  65  4:34  Evolution Chamber, Overlord  
  65  4:35  Evolution Chamber  
  63  4:40  Drone x3  
  63  4:42  Drone  
  63  4:43  Drone  
  68  4:49  Drone x3  
  68  4:51  Drone  
  72  4:55  Queen  
  72  4:57  Drone x2  
  76  5:01  Drone  
  76  5:02  Drone x2  
  79  5:07  Drone x2  
  79  5:10  Zerg Ground Armor Level 1  
  79  5:11  Zerg Melee Weapons Level 1  
  79  5:13  Drone  
  82  5:15  Extractor  
  82  5:17  Baneling Nest  
  82  5:19  Overlord  
  80  5:21  Overlord  
  80  5:25  Drone x4  
  80  5:28  Overseer, Extractor  
  84  5:29  Extractor  
  84  5:31  Drone x4  
  86  5:36  Overlord x2  
  86  5:42  Spire  
  85  5:53  Drone x3  
  88  6:01  Zergling x12  
  88  6:02  Zergling x4  
  96  6:04  Baneling x2  
  96  6:05  Baneling x5  
  96  6:06  Zergling x8  
  96  6:10  Spine Crawler  
  100  6:11  Hatchery  
  100  6:13  Overlord  
  100  6:14  Overlord  
  99  6:21  Drone  
  99  6:22  Drone  
  99  6:24  Baneling x6  
  101  6:30  Zergling x8  
  105  6:37  Overlord  
  105  6:38  Overlord  
  105  6:39  Hatchery  
  104  6:48  Zergling x16  
  104  6:51  Overlord  
  112  6:59  Centrifical Hooks  
  111  7:02  Mutalisk x5  
  111  7:06  Zerg Flyer Weapons Level 1  
  120  7:10  Mutalisk x2  
  120  7:16  Zergling x6  
  112  7:26  Zergling x20  
  108  7:33  Mutalisk  
  108  7:35  Baneling x6  
  102  7:38  Queen  
  102  7:39  Drone, Queen  
  102  7:41  Mutalisk  
  102  7:42  Mutalisk x2  
  114  7:45  Zergling x14  
  120  7:52  Extractor  
  120  7:56  Zergling x12  
  122  7:58  Hatchery  
  122  8:02  Zergling x4  
  122  8:05  Baneling x8  
  117  8:06  Zergling x2  
  117  8:07  Zergling x2  
  117  8:09  Drone x2  
  117  8:10  Drone  
  122  8:15  Zerg Ground Armor Level 2  
  122  8:20  Zergling x16  
  122  8:26  Zerg Melee Weapons Level 2  
  130  8:31  Zergling x10  
  113  8:42  Zergling x20  
  113  8:43  Baneling x3  
  113  8:44  Baneling x2  
  113  8:45  Baneling  
  123  8:54  Zergling x14  
  130  8:58  Overseer x2  
  130  9:00  Pneumatized Carapace  
  130  9:07  Drone  
  131  9:10  Drone x8  
  139  9:19  Overlord  
  139  9:20  Overlord  
  139  9:23  Hatchery  
  136  9:46  Mutalisk x7, Infestation Pit  
  136  9:50  Drone  
  136  9:51  Extractor, Drone  
  136  9:52  Extractor, Drone x2  
  151  9:55  Drone x3  
  151  9:58  Overlord  
  151  9:59  Overlord  
  154  10:05  Mutalisk x3  
  160  10:10  Drone x2  
  160  10:11  Drone x3  
  160  10:13  Zergling x6  
  157  10:14  Zergling x2  
  157  10:15  Zergling x4  
  157  10:16  Zergling x2  
  157  10:21  Spine Crawler, Drone x2  
  162  10:25  Spore Crawler  
  162  10:26  Zergling x8  
  164  10:33  Baneling  
  164  10:34  Baneling x8  
  157  10:41  Zergling x4  
  149  10:43  Zergling x4  
Show
View Real Time Build Order
Export as new Build Order

Bunny Terran - Winner!

Build Orders: Reaper Expand 

Get SALT Encoding   

  12  0:01  SCV  
  13  0:13  SCV  
  14  0:17  Supply Depot  
  14  0:25  SCV  
  15  0:39  SCV  
  15  0:40  Barracks  
  16  0:44  Refinery  
  16  0:51  SCV  
  17  1:03  SCV  
  18  1:15  SCV  
  19  1:27  Orbital Command  
  19  1:28  Reaper  
  20  1:40  Command Center  
  20  1:53  SCV, Supply Depot  
  21  1:59  Marine  
  22  2:05  SCV  
  23  2:09  Factory  
  23  2:17  SCV  
  23  2:21  Barracks Reactor  
  24  2:29  SCV  
  25  2:41  SCV  
  26  2:52  Orbital Command  
  26  2:53  SCV  
  26  2:58  Command Center  
  26  3:05  Hellion  
  28  3:07  Hellion  
  28  3:08  SCV  
  28  3:11  Barracks Tech Lab  
  31  3:18  SCV  
  32  3:20  SCV  
  32  3:25  Barracks  
  33  3:28  Hellion  
  33  3:30  SCV  
  33  3:32  SCV  
  37  3:35  Marine, Hellion  
  37  3:40  Stimpack  
  40  3:42  SCV  
  40  3:45  SCV  
  42  3:48  Refinery  
  42  3:53  Marine  
  42  3:54  SCV  
  44  3:58  SCV  
  44  4:01  Starport  
  45  4:04  Factory Reactor  
  45  4:06  SCV  
  46  4:10  SCV  
  46  4:11  Marine, Orbital Command  
  48  4:19  SCV  
  48  4:22  SCV, Refinery  
  48  4:24  Marine x2, Supply Depot  
  50  4:29  Marine  
  50  4:31  SCV  
  54  4:34  SCV  
  54  4:38  SCV  
  56  4:42  Marine x2  
  56  4:43  SCV  
  59  4:46  SCV  
  59  4:47  Marine, Medivac x2  
  59  4:48  Supply Depot  
  59  4:50  Factory Tech Lab  
  66  4:52  SCV  
  66  4:55  SCV  
  66  4:58  SCV  
  66  4:59  Marine, Supply Depot  
  68  5:03  Refinery  
  68  5:06  Engineering Bay  
  69  5:07  Engineering Bay  
  69  5:10  Marine x2, Siege Tank  
  69  5:12  Supply Depot  
  74  5:21  Combat Shield  
  74  5:22  Orbital Command  
  74  5:23  SCV x2, Supply Depot  
  76  5:30  Marine  
  76  5:31  Marine x2  
  79  5:35  SCV x2  
  79  5:37  Medivac  
  83  5:47  SCV, Siege Tank  
  83  5:48  SCV, Marine x3  
  83  5:49  SCV  
  92  5:58  Terran Infantry Weapons Level 1  
  92  5:59  Supply Depot  
  92  6:00  SCV x2  
  92  6:01  Barracks  
  92  6:02  Barracks  
  92  6:03  Barracks  
  94  6:07  Terran Infantry Armor Level 1  
  94  6:09  SCV  
  95  6:11  Medivac  
  95  6:12  SCV x2, Marine x2, Supply Depot  
  101  6:20  Refinery  
  101  6:21  SCV  
  101  6:24  SCV  
  103  6:28  Supply Depot  
  103  6:30  Missile Turret  
  103  6:34  Siege Tank  
  103  6:35  Supply Depot  
  103  6:37  SCV x3  
  109  6:42  Marine x3  
  109  6:44  Supply Depot  
  111  6:48  Supply Depot, Barracks Reactor  
  111  6:49  Barracks Reactor  
  111  6:50  Barracks Reactor  
  111  6:54  SCV, Armory  
  112  7:06  Marine x3, Medivac x2  
  119  7:12  SCV x3  
  119  7:14  Supply Depot  
  119  7:15  Supply Depot  
  122  7:17  Widow Mine  
  124  7:28  Marine x2  
  124  7:29  Marine  
  115  7:32  Marine x4  
  117  7:37  SCV x3  
  117  7:39  Widow Mine  
  117  7:42  Factory  
  122  7:50  Marine  
  122  7:51  Marine x8  
  129  7:59  Medivac x2  
  129  8:04  Terran Infantry Weapons Level 2, Terran Infantry Armor Level 2  
  123  8:08  Marine, Missile Turret  
  123  8:09  Marine x3  
  123  8:12  Drilling Claws  
  127  8:13  Concussive Shells, Command Center  
  127  8:15  Widow Mine  
  127  8:16  Marine x2  
  131  8:22  SCV  
  131  8:23  SCV x2  
  134  8:28  Sensor Tower  
  134  8:30  Missile Turret  
  134  8:31  Missile Turret  
  134  8:32  Marine x3  
  136  8:38  Medivac x2  
  136  8:40  Factory Reactor  
  123  8:42  Thor  
  129  8:53  Refinery  
  129  8:54  Barracks  
  129  8:58  Barracks  
  129  8:59  Marine x2, Barracks  
  129  9:00  Marine x5  
  129  9:01  Marine  
  137  9:04  Marine  
  138  9:10  Medivac  
  138  9:11  Medivac  
  141  9:19  Marine x6  
  141  9:23  Marauder  
  149  9:25  Widow Mine x2  
  153  9:32  SCV x3  
  155  9:40  Thor  
  155  9:44  Medivac x2  
  158  9:48  Marauder, Barracks Tech Lab  
  158  9:49  Barracks Tech Lab x2  
  158  9:50  Marine  
  158  9:51  Marine x7  
  168  9:53  Widow Mine x2  
  168  9:57  SCV  
  168  9:58  SCV x2  
  175  10:04  Sensor Tower  
  175  10:08  Marine  
  175  10:09  Marine x2, Marauder  
  180  10:16  Planetary Fortress  
  180  10:19  Refinery  
  180  10:24  Marine x2, Supply Depot  
  180  10:26  Marine x2  
  180  10:27  Marauder x3  
  188  10:38  Widow Mine  
  188  10:39  Marine x2, Widow Mine, Marauder  
  188  10:40  Marine x2  
  188  10:42  Marine x2, Widow Mine  
  186  10:44  Marine x2  
  186  10:48  Marauder x3  
Tags
 
Add a new tag
Caveats
  • Supply blocks, unpowered buildings, or Contaminate may cause inaccurate times.
  • Supply counts are checked every 10 seconds.